 Dungeon Crawl Stone Soup version 0.17.0-23-g0de4337 (webtiles) character file.

5013 dysrexia the Grappler (level 10, -4/84 HPs)
             Began as a Troll Earth Elementalist on Nov 14, 2015.
             Was a Believer of Okawaru.
             Slain by a river rat (9 damage)
             ... on level 1 of the Lair of Beasts.
             The game lasted 00:27:34 (8583 turns).

dysrexia the Grappler (Troll Earth Elementalist)    Turns: 8583, Time: 00:27:35

Health: -4/84      AC:  6    Str: 18    XL:     10   Next: 30%
Magic:  10/10      EV: 12    Int: 17    God:    Okawaru [**....]
Gold:   405        SH:  0    Dex: 13    Spells: 1 memorised, 9 levels left

rFire  + . .     SeeInvis .       - Unarmed
rCold  . . .     Clarity  .     a - +1 robe
rNeg   . . .     SustAt   .     (no shield)
rPois  .         Gourm    +     (helmet restricted)
rElec  .         Spirit   .     (no cloak)
rCorr  .         Warding  .     (gloves unavailable)
rMut   .         Stasis   .     (boots unavailable)
MR     .....                    (no amulet)
Stlth  +++.......               I - ring "Siwo" {rF+ Slay+3 Stlth+}
                                u - +6 ring of intelligence

@: not resistant to hostile enchantments, fairly stealthy
A: unfitting armour, claws 3, fast metabolism 3, gourmand, regeneration 2,
shaggy fur 1, tough skin 2
a: Heroism, Renounce Religion


You were on level 1 of the Lair of Beasts.
You worshipped Okawaru.
Okawaru was pleased with you.
You were very full.

You visited 3 branches of the dungeon, and saw 11 of its levels.

You collected 405 gold pieces.

Inventory:

Hand Weapons
 s - a +0 giant spiked club
Missiles
 b - 270 stones (quivered)
 l - 5 curare-tipped needles
 r - 27 poisoned needles
 C - 6 large rocks
 H - 2 throwing nets
Armour
 a - a +1 robe (worn)
Jewellery
 h - an uncursed ring of see invisible
 u - a +6 ring of intelligence (left claw)
 v - an uncursed ring of positive energy
 I - the ring "Siwo" (right claw) {rF+ Slay+3 Stlth+}
   (You found it on level 8 of the Dungeon)

   [ring of stealth]

   It affects your accuracy and damage with ranged weapons and melee attacks
   (+3).
   It protects you from fire.
   It makes you more stealthy.
Wands
 i - a wand of enslavement (14)
 y - a wand of enslavement (24)
 F - a wand of fire (4)
 G - a wand of lightning (10)
Scrolls
 e - 2 scrolls of remove curse
 f - a scroll of enchant armour
 j - 2 scrolls of identify
 m - 3 scrolls of amnesia
 t - 2 scrolls of teleportation
 E - a scroll of magic mapping
 K - a scroll of immolation {unknown}
Potions
 g - 5 potions of curing
 k - 3 potions of brilliance
 o - a potion of cure mutation {unknown}
 q - 2 potions of heal wounds
 w - 2 potions of agility {unknown}
 x - 2 potions of ambrosia {unknown}
 z - 2 potions of resistance {unknown}
 A - 2 potions of degeneration {unknown}
 B - a potion of haste
 D - a potion of flight {unknown}
 L - a potion of might {unknown}
Books
 c - a book of Geomancy

   Spells                             Type                      Level
   a - Sandblast                      Earth                        1
   b - Stoneskin                      Transmutation/Earth          2
   c - Passwall                       Transmutation/Earth          3
   d - Stone Arrow                    Conjuration/Earth            3
   e - Petrify                        Transmutation/Earth          4
   f - Lee's Rapid Deconstruction     Earth                        5
Comestibles
 d - 9 bread rations
 n - 3 meat rations
 p - 7 beef jerkies
 J - a slice of pizza
 M - 3 chunks of flesh


   Skills:
 * Level 1.3 Fighting
 + Level 5.1 Dodging
 - Level 1.1 Stealth
 - Level 10.6 Unarmed Combat
 - Level 1.2 Spellcasting
 - Level 3.3 Transmutations
 + Level 7.5 Earth Magic


You had 9 spell levels left.
You knew the following spells:

 Your Spells              Type           Power        Failure   Level  Hunger
b - Stoneskin             Trmt/Erth      ###.....     3%          2    ###....


Dungeon Overview and Level Annotations

Branches:
Dungeon (9/15)             Temple (1/1) D:7            Lair (1/8) D:9
    Orc: D:9-12

Altars:
Ashenzari
Dithmenos
Elyvilon
Gozag
Kikubaaqudgha
Nemelex Xobeh
Okawaru
Qazlal
Trog
Vehumet
Xom
The Shining One

Annotations:
D:9 Erolcha


Innate Abilities, Weirdness & Mutations

You are too large for most types of armour.
You have claws for hands.
Your metabolism is lightning-fast.
You like to eat raw meat.
You heal very quickly.
You are covered in fur (AC +1).
You have very tough skin (AC +2).


Message History

You claw the river rat!
You kill the river rat!
Okawaru accepts your kill. The river rat bites you.
You barely miss the yak. The yak gores you.
You scratch the yak.
The yak is lightly wounded.
You scratch the yak.
The yak is moderately wounded.
The yak closely misses you.
You claw the yak!
The yak is severely wounded.
The river rat misses you. The yak gores you!
* * * LOW HITPOINT WARNING * * *
You scratch the yak. You claw the yak.
The yak is almost dead.
The yak gores you!
* * * LOW HITPOINT WARNING * * *
The river rat bites you!
You die...

##
########.####
#...........#
#...........#
##...........##
#..............
#Y.......Y...#
##Yr..<.....Y.#
#@rrY........##
###r###.#.###.#
### ###.# #


You could see 3 yaks and 4 river rats.

Vanquished Creatures
  A troll (D:9)
  Sigmund (D:6)
  A hungry ghost (D:7)
  Grum (D:9)
  3 yaks
  2 wolves (D:9)
  A hippogriff (D:7)
  Duvessa (D:4)
  A necrophage (D:9)
  An ice beast (D:5)
  An orc warrior (D:7)
  A black bear (D:9)
  6 ogres
  6 centaurs
  5 giant frogs
  Blork the orc (D:6)
  A big kobold (D:7)
  A gnoll sergeant (D:8)
  Dowan (D:4)
  A water moccasin skeleton (D:7)
  A quasit (D:7)
  A giant frog zombie (D:8)
  3 crimson imps
  An orc priest (D:4)
  3 jellies
  A centaur zombie (D:8)
  6 hounds
  3 orc wizards
  2 centaur skeletons
  A gnoll shaman (D:5)
  An iguana (D:9)
  5 worker ants
  A killer bee zombie (D:6)
  A hound zombie (D:9)
  A hound skeleton (D:8)
  Robin (D:4)
  14 gnolls
  4 river rats (Lair:1)
  A shadow imp (D:4)
  14 adders
  3 worms
  An adder skeleton (D:6)
  6 giant geckos
  12 orcs
  3 ball pythons
  7 giant cockroaches
  14 hobgoblins
  16 jackals
  16 kobolds
  6 quokkas
  A ball python skeleton (D:4)
  10 bats
  A giant gecko skeleton (D:5)
  10 giant newts
  21 goblins
  A jackal skeleton (D:6)
  10 rats
240 creatures vanquished.

Notes
Turn   | Place    | Note
--------------------------------------------------------------
     0 | D:1      | dysrexia the Troll Earth Elementalist began the quest for the Orb.
     0 | D:1      | Reached XP level 1. HP: 16/16 MP: 1/1
    49 | D:1      | Reached skill level 1 in Unarmed Combat
   143 | D:1      | Reached XP level 2. HP: 24/24 MP: 2/2
   300 | D:1      | Learned a level 2 spell: Stoneskin
   668 | D:1      | Reached XP level 3. HP: 31/31 MP: 3/3
  1139 | D:1      | Reached skill level 3 in Earth Magic
  1223 | D:2      | Reached skill level 1 in Transmutations
  1380 | D:2      | Reached XP level 4. HP: 26/39 MP: 4/4
  2059 | D:3      | Reached XP level 5. HP: 45/45 MP: 5/5
  2176 | D:3      | Found a radiant altar of Vehumet.
  2176 | D:3      | Found a stormy altar of Qazlal.
  2327 | D:3      | Reached skill level 4 in Unarmed Combat
  2412 | D:3      | Found a glowing golden altar of the Shining One.
  2874 | D:4      | Noticed Duvessa
  2894 | D:4      | Reached XP level 6. HP: 51/53 MP: 6/6
  2953 | D:4      | Noticed Dowan
  2958 | D:4      | Killed Duvessa
  2987 | D:4      | Killed Dowan
  2987 | D:4      | Reached skill level 5 in Unarmed Combat
  3040 | D:4      | Reached XP level 7. HP: 51/59 MP: 7/7
  3546 | D:4      | Noticed Robin
  3625 | D:4      | Killed Robin
  3751 | D:5      | Entered Level 5 of the Dungeon
  4084 | D:5      | Reached skill level 6 in Unarmed Combat
  4670 | D:6      | Reached skill level 5 in Earth Magic
  4670 | D:6      | Reached XP level 8. HP: 67/67 MP: 8/8
  4691 | D:6      | Noticed Sigmund
  4698 | D:6      | Killed Sigmund
  4698 | D:6      | Reached skill level 7 in Unarmed Combat
  5097 | D:6      | Reached skill level 8 in Unarmed Combat
  5223 | D:6      | Noticed Blork the orc
  5230 | D:6      | Killed Blork the orc
  5396 | D:7      | Reached XP level 9. HP: 56/74 MP: 9/9
  5767 | D:7      | Reached skill level 9 in Unarmed Combat
  6351 | D:7      | Found a staircase to the Ecumenical Temple.
  6365 | Temple   | Entered the Ecumenical Temple
  6402 | Temple   | Became a worshipper of Warmaster Okawaru
  7066 | D:8      | Got a scorched lead ring
  7678 | D:8      | Identified the ring "Siwo" {rF+ Slay+3 Stlth+} (You found it on level 8 of the Dungeon)
  7757 | D:9      | Reached skill level 10 in Unarmed Combat
  7810 | D:9      | Found a staircase to the Lair.
  7895 | D:9      | Noticed a centaur skeleton
  7911 | D:9      | Killed a centaur skeleton
  7911 | D:9      | Reached * piety under Okawaru
  7911 | D:9      | Reached XP level 10. HP: 71/81 MP: 10/10
  8072 | D:9      | Noticed Grum
  8102 | D:9      | Killed Grum
  8102 | D:9      | Reached skill level 5 in Dodging
  8246 | D:9      | Found a shimmering altar of Xom.
  8339 | D:9      | Noticed Erolcha
  8546 | Lair:1   | Entered Level 1 of the Lair of Beasts
  8570 | Lair:1   | Reached skill level 1 in Fighting
  8576 | Lair:1   | Reached ** piety under Okawaru
  8583 | Lair:1   | Slain by a river rat

Action                   |  1- 3 |  4- 6 |  7- 9 | 10-12 || total
-------------------------+-------+-------+-------+-------++-------
Melee: Unarmed           |   141 |   170 |   409 |    96 ||   816
       Giant spiked club |       |       |     1 |       ||     1
Throw: Stone             |       |       |     2 |       ||     2
 Cast: Stoneskin         |       |       |     6 |     1 ||     7
  Use: Scroll            |       |     4 |    10 |       ||    14
       Potion            |       |       |       |     1 ||     1
 Stab: Sleeping          |     3 |     3 |     4 |     1 ||    11
       Distracted        |       |       |     2 |       ||     2
  Eat: Chunk             |    18 |    16 |    48 |     5 ||    87
       Fruit             |       |       |     4 |       ||     4
       Beef jerky        |       |       |     1 |       ||     1
